Map: Port Aleksander LE

Players

Piroxiljin

  • Race: Terran Terran
  • Spawn Location: 5:00

VOD

Have the link to the VOD?

Description

Time

  • Played on: Jan. 16, 2019, 10:55 a.m.
  • Length: 34:30
Show
View Real Time Build Order
Export as new Build Order

Piroxiljin Terran 

Build Orders:  

Get SALT Encoding   

  12  0:03  SCV  
  13  0:21  SCV  
  14  0:32  Supply Depot  
  14  0:38  SCV  
  15  1:02  SCV  
  16  1:11  Barracks  
  16  1:19  SCV  
  17  1:36  SCV  
  18  1:43  Refinery  
  18  1:54  SCV  
  19  2:33  Marine  
  20  2:45  Barracks  
  20  2:51  SCV  
  20  2:58  Marine  
  22  3:23  Marine  
  23  3:46  Supply Depot  
  23  3:54  Orbital Command  
  23  4:10  Factory  
  23  4:16  Marine  
  24  4:41  Marine  
  24  4:42  Refinery  
  24  4:48  SCV  
  26  5:05  SCV  
  26  5:06  Marine  
  28  5:10  Marine  
  28  5:16  Hellion  
  31  5:23  Starport  
  31  5:40  Supply Depot  
  31  5:51  Supply Depot  
  31  6:07  Barracks Tech Lab  
  31  6:10  SCV, Marine  
  31  6:19  Medivac  
  35  6:35  Marine  
  35  6:36  Engineering Bay  
  35  6:38  Hellion  
  38  7:08  Hellion  
  40  7:26  Marine  
  40  7:27  Marine  
  29  7:52  Marauder  
  29  7:53  Hellion  
  30  8:22  Marauder, Marine  
  30  8:29  Factory Tech Lab  
  33  8:33  Terran Infantry Weapons Level 1  
  33  8:37  Unknown  
  33  8:40  SCV  
  33  8:47  Marine  
  35  8:52  Marauder  
  37  9:06  Command Center  
  37  9:12  Marine  
  37  9:19  Starport Tech Lab  
  38  9:22  Marauder  
  40  9:32  Supply Depot  
  40  9:34  Siege Tank  
  40  9:37  Marine  
  44  9:51  Marauder  
  46  10:02  Marine  
  46  10:09  Cloaking Field  
  47  10:23  Armory  
  47  10:28  Unknown  
  47  10:42  SCV  
  48  10:56  Siege Tank  
  48  10:57  Starport  
  51  11:05  SCV  
  52  11:18  Refinery  
  52  11:22  Orbital Command  
  52  11:29  Drilling Claws  
  52  11:41  Cyclone  
  52  11:43  Banshee  
  58  11:50  Unknown  
  58  11:55  Starport  
  58  12:01  Starport Tech Lab  
  58  12:32  Supply Depot  
  58  12:34  Supply Depot  
  58  12:35  Supply Depot  
  58  12:40  Supply Depot  
  42  13:19  Marine x2  
  44  13:36  Siege Tank  
  47  13:40  Starport Tech Lab  
  47  13:43  Banshee  
  47  13:44  Marauder, Marine  
  53  13:57  SCV  
  54  14:00  Refinery  
  54  14:08  Marine  
  55  14:14  Marauder  
  55  14:16  Siege Tank  
  55  14:17  Siege Tank x2  
  57  14:20  Supply Depot  
  57  14:21  Siege Tank  
  57  14:24  Supply Depot  
  57  14:28  Supply Depot  
  60  15:27  Medivac  
  62  15:47  Terran Vehicle Weapons Level 1  
  62  16:24  Banshee  
  62  16:25  Banshee x2  
  71  16:34  Thor  
  77  16:49  Marauder  
  80  17:18  Marine  
  80  17:19  Marauder  
  82  17:23  Unknown  
  82  17:29  Unknown  
  80  17:30  Missile Turret  
  80  17:34  Thor  
  85  17:43  Marine  
  85  17:49  Marauder  
  88  17:58  Missile Turret  
  88  18:08  Marine  
  89  18:19  Marauder  
  91  18:27  Missile Turret  
  91  18:49  Marauder  
  93  18:51  SCV  
  94  19:08  SCV  
  89  19:25  SCV  
  84  19:41  SCV  
  85  20:03  Thor  
  100  21:03  Thor  
  106  21:10  Unknown  
  106  21:11  Unknown  
  106  21:12  Command Center  
  109  21:41  Unknown  
  109  22:03  Thor  
  115  22:23  Missile Turret  
  115  22:29  Unknown  
  115  22:57  SCV  
  122  23:03  Cyclone  
  125  23:44  SCV  
  125  23:48  Thor  
  131  23:50  Unknown  
  131  23:51  Unknown  
  120  24:01  SCV  
  114  24:18  SCV  
  101  24:58  Terran Ship Weapons Level 1  
  101  25:25  Factory  
  101  25:40  SCV  
  102  25:57  SCV  
  103  26:14  SCV  
  89  27:38  Terran Vehicle And Ship Armor Level 1  
  89  27:50  Supply Depot  
  89  27:52  Supply Depot  
  89  27:53  Supply Depot x3  
  89  28:00  Planetary Fortress  
  89  28:23  Thor  
  95  28:34  Factory Tech Lab  
  95  28:44  Factory  
  95  29:23  Thor  
  101  29:50  Thor  
  101  29:54  Factory Tech Lab  
  107  30:23  Thor  
  107  30:26  Thor  
  95  31:16  Unknown  
  95  31:20  Thor  
  95  31:23  Thor  
  95  31:26  Thor  
  107  31:56  Refinery  
  107  31:59  Refinery  
  107  32:20  Siege Tank  
  107  32:23  Siege Tank  
  113  32:32  Command Center  
  113  32:45  Unknown  
  113  32:51  Unknown  
  105  33:50  Unknown  
Tags
 
Add a new tag
Caveats
  • Supply blocks, unpowered buildings, or Contaminate may cause inaccurate times.
  • Supply counts are checked every 10 seconds.